 Dungeon Crawl Stone Soup version 0.25-a0-949-gdd2af9e06e (webtiles) character file.

Game seed: 6976155242595164645, levelgen mode: deterministic

9141 Flugslaktarn the Cleaver (level 11, -3/97 HPs)
             Began as a Minotaur Fighter on May 8, 2020.
             Was a High Priest of Okawaru.
             Slain by a ten-headed hydra (9 damage)
             ... on level 9 of the Dungeon.
             The game lasted 00:05:19 (11782 turns).

Flugslaktarn the Cleaver (Minotaur Fighter)        Turns: 11782, Time: 00:05:20

Health: -3/97      AC: 17    Str: 22    XL:     11   Next: 19%
Magic:  15/15      EV:  6    Int:  5    God:    Okawaru [*****.]
Gold:   468        SH: 12    Dex: 12    Spells: 10/10 levels left

rFire    . . .     SeeInvis .   a - +1 war axe
rCold    . . .     Gourm    .   c - +0 kite shield
rNeg     . . .     Faith    .   m - +0 plate armour
rPois    +         Spirit   .   (helmet restricted)
rElec    .         Reflect  .   o - +2 cloak {rPois}
rCorr    .         Harm     .   (no gloves)
MR       .....                  (no boots)
Stlth    ..........             (no amulet)
HPRegen  0.26/turn              (no ring)
MPRegen  0.14/turn              j - +1 ring of slaying

@: berserk cooldown, slowed, very slow
A: retaliatory headbutt, horns 2
a: Heroism, Finesse, Renounce Religion


You were on level 9 of the Dungeon.
You worshipped Okawaru.
Okawaru was extremely pleased with you.
You were not hungry.

You visited 1 branch of the dungeon, and saw 10 of its levels.

You collected 468 gold pieces.

Inventory:

Hand Weapons
 a - a +1 war axe (weapon)
Missiles
 y - 2 throwing nets (quivered)
Armour
 c - a +0 kite shield (worn)
 m - a +0 plate armour (worn)
   (You took it off an orc warrior on level 8 of the Dungeon)
 o - a +2 cloak of poison resistance (worn)
   (You took it off Crazy Yiuf on level 2 of the Dungeon)
 u - a +0 pair of gloves
   (You found it on level 10 of the Dungeon)
Jewellery
 j - a +1 ring of slaying (right hand)
   (You found it on level 6 of the Dungeon)
Wands
 p - a wand of enslavement (3)
   (You took it off Harold on level 8 of the Dungeon)
 C - a wand of iceblast (7)
   (You found it on level 8 of the Dungeon)
Scrolls
 f - 2 scrolls of enchant weapon
 i - a scroll of enchant armour
 r - a scroll of identify
 t - 8 scrolls of teleportation
 x - 2 scrolls of remove curse
Potions
 b - a potion of flight {unknown}
 d - a potion of might
 h - a potion of brilliance
 k - 2 potions of stabbing
 l - 2 potions of magic
 n - 2 potions of lignification
 q - a potion of haste {unknown}
 s - a potion of ambrosia
 v - a potion of mutation
Comestibles
 e - 21 rations
 g - 6 chunks of flesh


   Skills:
 + Level 9.3 Fighting
 * Level 12.2 Axes
 + Level 9.4 Armour
 + Level 9.4 Shields
 + Level 6.7 Invocations


You had 10 spell levels left.
You didn't know any spells.
Your spell library was empty.

Dungeon Overview and Level Annotations

Branches:
Dungeon (10/15)            Temple (0/1) D:7
   Lair: D:8-11         Orc: D:9-12

Altars:
Ashenzari
Dithmenos
Elyvilon
Fedhas
Gozag
Hepliaklqana
Nemelex Xobeh
Okawaru
Qazlal
Trog
Uskayaw
Vehumet
Wu Jian
Xom
Zin

Shops:
D:4 }   D:7 (


Innate Abilities, Weirdness & Mutations

You reflexively headbutt those who attack you in melee.
You have a pair of horns on your head.


Message History

+0 steam dragon scales; a steam dragon corpse You butcher the steam dragon corpse.
g - 6 chunks of flesh
Things that are here:
+0 steam dragon scales; a steam dragon skeleton You see here a pair of gloves.
u - a pair of gloves
There is a stone staircase leading up here.
You climb upwards.
You block the ten-headed hydra's attack. x2
The ten-headed hydra bites you but does no damage.
You block the ten-headed hydra's attack.
The ten-headed hydra bites you.
* * * LOW HITPOINT WARNING * * *
The ten-headed hydra bites you.
* * * LOW HITPOINT WARNING * * *
The ten-headed hydra bites you but does no damage.
You block the ten-headed hydra's attack.
The ten-headed hydra bites you!
You die...

##.###.#.........# ##.##
.......#......#### #...#
###.#########+## ###+#.# #.#
##...## #.+_'.# #.# ##.....##
#.#'### ##.## ##.......##
##.#.รท.#
##...####.........####...##.#
........'.........'.......#.#
##...####......D@.###.......#
##.## ##.......## #.#.###.#
#.# ##.....## #.### .# #.#
##...## #.# .# #.# ##+## #.#
.# #.# #.# #.. ###


You could see a ten-headed hydra.

Vanquished Creatures
  Harold (D:8)
  A two-headed ogre (D:8)
  2 unseen horrors (D:10)
  Pikel (D:8)
  3 deep elf magi
  Joseph (D:7)
  A troll (D:9)
  3 hippogriffs
  A steam dragon (D:10)
  A water moccasin (D:6)
  3 orc warriors
  2 sky beasts
  An ice beast (D:8)
  A phantom (D:9)
  5 ogres
  7 centaurs
  A big kobold (D:8)
  A bullfrog (D:7)
  Blork the orc (D:6)
  A water moccasin zombie (D:7)
  3 scorpions
  3 killer bees (D:8)
  10 wights
  6 howler monkeys
  A bullfrog zombie (D:5)
  A lava snake (D:8)
  A crimson imp (D:6)
  4 hounds
  6 orc priests
  Crazy Yiuf (D:2)
  2 centaur skeletons
  3 jellies
  3 iguanas
  Jessica (D:2)
  Terence (D:2)
  7 worker ants
  6 orc wizards
  A hound skeleton (D:6)
  A howler monkey zombie (D:5)
  Robin (D:2)
  9 adders
  11 gnolls
  A shadow imp (D:8)
  3 oozes
  An adder zombie (D:7)
  An adder skeleton (D:9)
  3 worms (D:4)
  A dart slug (D:2)
  4 leopard geckos
  33 orcs
  A ball python (D:4)
  5 bats
  6 giant cockroaches
  14 goblins
  7 hobgoblins
  6 jackals
  3 quokkas
  2 frilled lizards
  4 kobolds
  A leopard gecko zombie (D:7)
  4 rats
220 creatures vanquished.

Vanquished Creatures (others)
  A hound zombie (D:8)
1 creature vanquished.

Grand Total: 221 creatures vanquished

Notes
Turn   | Place    | Note
-------+----------+-------------------------------------------
     0 | D:1      | Flugslaktarn the Minotaur Fighter began the quest for the
                  | Orb.
     0 | D:1      | Reached XP level 1. HP: 19/19 MP: 0/0
   164 | D:1      | Reached XP level 2. HP: 27/27 MP: 1/1
   216 | D:1      | Reached skill level 3 in Axes
   554 | D:2      | Found an iron altar of Okawaru.
   554 | D:2      | Noticed Jessica
   560 | D:2      | Killed Jessica
   560 | D:2      | Reached XP level 3. HP: 26/33 MP: 2/2
   589 | D:2      | Became a worshipper of Warmaster Okawaru
   877 | D:2      | Reached XP level 4. HP: 36/40 MP: 3/3
   970 | D:2      | Found a hazy altar of Hepliaklqana.
  1017 | D:2      | Noticed Terence
  1020 | D:2      | Killed Terence
  1020 | D:2      | Reached skill level 4 in Axes
  1250 | D:2      | Noticed Robin
  1256 | D:2      | Reached XP level 5. HP: 47/47 MP: 4/4
  1276 | D:2      | Killed Robin
  1276 | D:2      | Reached skill level 1 in Invocations
  1386 | D:2      | Found a shadowy altar of Dithmenos.
  1588 | D:2      | Found a blossoming altar of Fedhas.
  1606 | D:2      | Found a runed translucent door.
  1607 | D:2      | Noticed Crazy Yiuf
  1943 | D:2      | Killed Crazy Yiuf
  2210 | D:3      | Noticed a +0 hand axe
  2210 | D:3      | Noticed a +0 dagger
  2212 | D:3      | Found a hide-covered altar of Uskayaw.
  2921 | D:3      | Reached skill level 5 in Axes
  3000 | D:3      | Reached XP level 6. HP: 53/53 MP: 6/6
  3242 | D:4      | Found a white marble altar of Elyvilon.
  3413 | D:4      | Found a glowing silver altar of Zin.
  3440 | D:4      | Found Wurut's Gadget Shoppe.
  3558 | D:4      | Found a stormy altar of Qazlal.
  3708 | D:4      | Reached skill level 5 in Armour
  4207 | D:5      | Entered Level 5 of the Dungeon
  4216 | D:5      | Reached skill level 5 in Fighting
  4217 | D:5      | Reached skill level 5 in Shields
  4486 | D:5      | Reached * piety under Okawaru
  4486 | D:5      | Reached XP level 7. HP: 61/61 MP: 7/7
  4500 | D:5      | Reached skill level 6 in Axes
  5118 | D:6      | Reached skill level 7 in Axes
  5118 | D:6      | Reached XP level 8. HP: 47/70 MP: 9/9
  5382 | D:6      | Found an ornate altar of the Wu Jian Council.
  5766 | D:6      | Reached ** piety under Okawaru
  5784 | D:6      | You fall into a shaft and drop 2 floors!
  5784 | D:8      | Found a shattered altar of Ashenzari.
  5913 | D:7      | Found a staircase to the Ecumenical Temple.
  5941 | D:7      | Noticed Joseph
  5952 | D:7      | Killed Joseph
  5952 | D:7      | Reached skill level 8 in Axes
  6338 | D:6      | Reached XP level 9. HP: 60/78 MP: 11/11
  6421 | D:6      | Reached *** piety under Okawaru
  6598 | D:6      | Noticed Blork the orc
  6603 | D:6      | Killed Blork the orc
  6858 | D:7      | Reached skill level 9 in Axes
  6909 | D:7      | Found a shimmering altar of Xom.
  7508 | D:7      | Found Aluikegi's Antique Weapon Boutique.
  7569 | D:7      | Found a sparkling altar of Nemelex Xobeh.
  7570 | D:7      | Found an opulent altar of Gozag.
  7580 | D:7      | Reached skill level 5 in Invocations
  7827 | D:8      | Noticed a two-headed ogre
  7838 | D:8      | Killed a two-headed ogre
  7838 | D:8      | Reached **** piety under Okawaru
  7838 | D:8      | Reached skill level 10 in Axes
  8334 | D:8      | Reached XP level 10. HP: 88/88 MP: 13/13
  8428 | D:8      | Noticed Pikel
  8438 | D:8      | Killed Pikel
  8521 | D:8      | Noticed Harold
  8550 | D:8      | Killed Harold
  8566 | D:8      | Reached skill level 11 in Axes
  8931 | D:8      | Reached ***** piety under Okawaru
  9626 | D:9      | Noticed a six-headed hydra
 10075 | D:9      | Found a bloodstained altar of Trog.
 10239 | D:9      | Found a radiant altar of Vehumet.
 10239 | D:9      | Noticed a deep elf mage
 10239 | D:9      | Noticed a deep elf mage
 10257 | D:9      | Killed a deep elf mage
 10260 | D:9      | Killed a deep elf mage
 10479 | D:9      | Received a gift from Okawaru
 10959 | D:10     | Entered Level 10 of the Dungeon
 10965 | D:10     | Noticed a deep elf mage
 10972 | D:10     | Reached XP level 11. HP: 79/97 MP: 14/14
 10977 | D:10     | Killed a deep elf mage
 10977 | D:10     | Reached skill level 12 in Axes
 11287 | D:10     | Killed an unseen horror
 11761 | D:10     | Killed an unseen horror
 11782 | D:9      | Slain by a ten-headed hydra

Levels and vault maps discovered:
D:1:      matt_arrival_refuge, layout_loops_corners, minmay_tromino_i4
D:2:      layout_loops_corners, old_standard_altar, okawaru_ov_weapons_minmay,
          old_standard_altar, fedhas_altar_3, corexii_corridor_pit,
          minmay_misc_feat_five, cheibrodos_gnoll_hut, uniq_terence, uniq_robin,
          uniq_jessica, uniq_crazy_yiuf_cottage
D:3:      layout_basic, dancing_weapons_uskayaw
D:4:      layout_loops_corners, lemuel_round_altar, overflow_temple_1_default,
          serial_shops, nicolae_shop_behind_doors, first_ration,
          elyvilon_altar_3
D:5:      layout_loops_ring
D:6:      layout_basic, old_standard_altar, uniq_blork_the_orc
D:7:      layout_loops_ring, grunt_temple_overflow_opulence,
          lemuel_doored_altar, minmay_temple_entry_sparse_star, serial_shops,
          shop, uniq_joseph
D:8:      layout_loops_corners, cheibrodos_ashenzari_chains, enter_ossuary_3,
          blue_anna_alchemist [blue_anna_fruit_fields, blue_anna_fruit_fields],
          kennysheep_crisscross, uniq_harold, uniq_pikel
D:9:      layout_loops_corners, kennysheep_mini, david_defended_altar_elf
D:10:     layout_rooms, lair_entry_dummy, serial_shops, shop,
          gammafunk_ghost_smash, grunt_nemelex_the_gamble, uniq_maurice

Skill      XL: |  1  2  3  4  5  6  7  8  9 10 11 |
---------------+----------------------------------+-----
Axes           | 3 4 5 7 8 10 11 12 | 12.2
Fighting       | 4 5 6 7 9 |  9.3
Armour         | 4 5 6 8 9 |  9.4
Shields        | 4 5 6 8 9 |  9.4
Invocations    | 1 2 3 4 5 6 |  6.7

Action                   |  1- 3 |  4- 6 |  7- 9 | 10-12 || total
-------------------------+-------+-------+-------+-------++-------
Melee: War axe           |    58 |   158 |   250 |   216 ||   682
       Headbutt          |     8 |    25 |    57 |    45 ||   135
Invok: Heroism           |       |       |     1 |     1 ||     2
  Use: Scroll            |       |       |       |    18 ||    18
       Potion            |       |       |       |     7 ||     7
 Stab: Invisible         |       |       |       |     2 ||     2
  Eat: Chunk             |       |     6 |     6 |     6 ||    18
       Ration            |       |     2 |     2 |     1 ||     5
Armor: Scale mail        |    26 |    54 |    86 |    32 ||   198
       Plate armour      |       |       |       |   124 ||   124
Dodge: Dodged            |    27 |    33 |    61 |    68 ||   189
Block: Kite shield       |    32 |    73 |   123 |   139 ||   367

Table legend:
 A = Non-vault XP
 B = Vault XP
 C = Vault XP percentage of total XP
 D = Non-vault monster count
 E = Vault monster count
 F = Vault count percentage of total count
                 A         B        C        D         E       F
            +---------+---------+-------+---------+---------+-------
      Total |    9496 |    3563 |  27.3 |     192 |      28 |  12.7
            +---------+---------+-------+---------+---------+-------
        D:1 |      32 |       3 |   8.6 |      16 |       3 |  15.8
        D:2 |     106 |     170 |  61.6 |      20 |      18 |  47.4
        D:3 |      69 |       0 |   0.0 |       9 |       0 |   0.0
        D:4 |     213 |       0 |   0.0 |      14 |       0 |   0.0
        D:5 |     677 |       0 |   0.0 |      25 |       0 |   0.0
        D:6 |     935 |      85 |   8.3 |      19 |       1 |   5.0
        D:7 |    1599 |     430 |  21.2 |      28 |       1 |   3.4
        D:8 |    2178 |    1716 |  44.1 |      28 |       3 |   9.7
        D:9 |    1295 |    1159 |  47.2 |      19 |       2 |   9.5
       D:10 |    2392 |       0 |   0.0 |      14 |       0 |   0.0
            +---------+---------+-------+---------+---------+-------
